 Dungeon Crawl Stone Soup version 0.29-a0-925-g0a7a3d12f8 (webtiles) character file.

Game seed: 11830688447821778072

50 Alarak the Magician (level 3, 0/19 HPs)
             Began as a Deep Elf Hedge Wizard on July 29, 2022.
             Killed from afar by Sigmund (9 damage)
             ... with a magic dart
             ... on level 2 of the Dungeon.
             The game lasted 00:08:20 (2153 turns).

Alarak the Magician (Deep Elf Hedge Wizard)         Turns: 2153, Time: 00:08:21

Health: 0/19       AC:  2    Str:  7    XL:     3   Next: 55%
Magic:  10/12      EV: 12    Int: 20    God:
Gold:   49         SH:  0    Dex: 14    Spells: 13/14 levels left

rFire   . . .      SeeInvis .   f - +2 dagger (venom)
rCold   . . .      Faith    .   (no shield)
rNeg    . . .      Spirit   .   b - +0 robe
rPois   .          Reflect  .   c - +0 hat
rElec   .          Harm     .   (no cloak)
rCorr   .          Rampage  .   (no gloves)
Will    .....                   (no boots)
Stlth   +.........              (no amulet)
HPRegen 0.06/turn               (no ring)
MPRegen 0.13/turn               (no ring)

@: confused
A: no striking features
a: no special abilities


You were on level 2 of the Dungeon.
You visited 1 branch of the dungeon, and saw 2 of its levels.

You collected 49 gold pieces.

Inventory:

Hand Weapons
 e - a +0 dagger of freezing
 f - a +2 dagger of venom (weapon)
Armour
 b - a +0 robe (worn)
 c - a +0 hat (worn)
Scrolls
 h - a scroll of amnesia
 i - 2 scrolls of teleportation {unknown}
 n - a scroll of fog
Potions
 a - a potion of curing {unknown}
 d - a potion of magic
 g - 2 potions of attraction {unknown}
 j - a potion of mutation {unknown}
 k - 2 potions of heal wounds {unknown}
 l - a potion of lignification {unknown}
 m - a potion of haste {unknown}


   Skills:
 - Level 2.4 Dodging
 - Level 2.4 Stealth
 - Level 6.0 Spellcasting
 + Level 2.1 Conjurations
 - Level 1.1 Summonings
 - Level 1.1 Translocations


You had 13 spell levels left.
You knew the following spells:

 Your Spells              Type           Power      Damage    Failure   Level
a - Magic Dart            Conj           56%        1d5       4%          1

Your spell library contained the following spells:

 Spells                   Type           Power      Damage    Failure   Level
 Blink                    Tloc           20%        N/A       10%         2
 Call Imp                 Summ           10%        N/A       10%         2
 Sandblast                Erth           12%        2d6       11%         1
 Slow                     Hex            24%        N/A       11%         1
 Passwall                 Tmut/Erth      5%         N/A       16%         2
 Conjure Flame            Conj/Fire      10%        6-21      21%         3
 Stone Arrow              Conj/Erth      20%        3d8       21%         3
 Mephitic Cloud           Conj/Pois/Air  8%         N/A       24%         3


Dungeon Overview and Level Annotations

Branches:
Dungeon (2/15)

Altars:

Annotations:
D:2 Sigmund


Message History

Found a stone staircase leading up.
There is a stone staircase leading up here.
You see here a +0 dagger.
A ball python comes into view.
Found a ring mail.
A ball python is nearby!
The magic dart hits the ball python.
The ball python is severely wounded.
The ball python hisses angrily.
The magic dart hits the ball python.
You kill the ball python!
You now have 49 gold pieces (gained 15).
You see here a +0 ring mail.
g - 2 white potions (gained 1)
You see here a +0 ring mail.
Sigmund the Dreaded comes into view.
He is wielding a +0 scythe.
You see here a ball python corpse.
Sigmund is nearby!
Sigmund is nearby!
The magic dart hits Sigmund.
Sigmund is lightly wounded.
The magic dart hits Sigmund.
Sigmund is lightly wounded.
The magic dart hits Sigmund but does no damage.
Sigmund is lightly wounded.
Sigmund gestures at you while chanting. The puff of flame misses you.
The magic dart hits Sigmund.
Sigmund is moderately wounded.
The magic dart hits Sigmund.
Sigmund is moderately wounded.
Sigmund casts a spell at you. The magic dart hits you.
Sigmund casts a spell at you.
You are confused.
Sigmund hits you from afar with a +0 scythe.
Sigmund barely misses you.
Sigmund points at you and mumbles some strange words.
The magic dart hits you!
You die...

###§#,* *..*#........,,,,,,,
..§.#,* **.##.#######*******
#####,* *..#.# *****,*
*#.#.############ ,,,,,,***
#.#÷##)........# **,,,,,,*
#.#.##.........#
*,,,,,,########...##.........#
*,,,,,,...........##.........#
*,,,,,,########@..##.........#
*,,,,,,* #.#@##..÷......#
*,,,,,,* #.#.........÷..###
*,,,,,,* #.#>..............
*,,,,.,* #.####............
*,,,,..#####**#.##.....#.##.....
**,**...^...,,..##.###.#.##.####
***,**.#.....######@###.#.##.#
,,,,,,.......†..........#.##.#


You could see Sigmund.

Vanquished Creatures
  5 endoplasms (D:1)
  A giant cockroach (D:2)
  3 goblins
  2 hobgoblins (D:2)
  12 jackals (D:1)
  3 quokkas
  5 ball pythons
  3 bats
  6 frilled lizards
  3 kobolds (D:1)
  3 rats
46 creatures vanquished.

Notes
Turn   | Place    | Note
-------+----------+-------------------------------------------
     0 | D:1      | Alarak the Deep Elf Hedge Wizard began the quest for the
                  | Orb.
     0 | D:1      | Reached XP level 1. HP: 10/10 MP: 7/7
    71 | D:1      | Reached skill level 5 in Spellcasting
    81 | D:1      | Reached XP level 2. HP: 3/15 MP: 0/10
  1071 | D:1      | Reached XP level 3. HP: 17/19 MP: 7/12
  1149 | D:1      | Found a faded altar of an unknown god.
  1150 | D:1      | Noticed a golden eye
  1152 | D:1      | Noticed a shining eye
  1152 | D:1      | Noticed an eye of devastation
  1152 | D:1      | Noticed a golden eye
  1169 | D:1      | Reached skill level 6 in Spellcasting
  2127 | D:2      | Noticed Sigmund
  2153 | D:2      | Killed from afar by Sigmund

Illustrated notes

Levels and vault maps discovered:
D:1:      erik_arrival_cave_to_civilisation [erik_arrival_cave_to_hall],
          layout_basic, hellmonk_ecumenical_altar_watching_god,
          minmay_misc_feat_x, chequers_serial_rivers_small_a
D:2:      layout_basic, uniq_sigmund

Skill      XL: |  1  2  3 |
---------------+----------+-----
Spellcasting   | 5 6 |  6.0
Conjurations   | 2 |  2.1
Dodging        | |  2.4
Stealth        | |  2.4
Summonings     | |  1.1
Translocations | |  1.1

Action                   || total
-------------------------++-------
Melee: Dagger            ||    36
       Punch             ||     2
 Cast: Magic Dart        ||    89
  Use: Scroll            ||     3
Armor: Robe              ||     9
Dodge: Dodged            ||    35

Table legend: (Time is in decaauts)
 A = Elapsed time spent in this place.
 B = Non-inter-level travel time spent in this place.
 C = Inter-level travel time spent in this place.
 D = Time resting spent in this place.
 E = Time spent auto-exploring this place.
 F = Levels seen in this place.
 G = Mean time per level.
                   A        B        C        D        E       F      G
               +--------+--------+--------+--------+--------+-----+--------+
         Total |   2152 |   2136 |     16 |    492 |   1376 |   2 | 1076.0 |
       Dungeon |   2152 |   2136 |     16 |    492 |   1376 |   2 | 1076.0 |
               +--------+--------+--------+--------+--------+-----+--------+

Top non-repeatable levels by time:
     D:1: 1608 daAuts
     D:2: 543 daAuts
